 Dungeon Crawl Stone Soup version 0.21.1-1-g345015fe64 (webtiles) character file.

367 RaHiT the Slasher (level 6, -7/47 HPs)
             Began as a Demonspawn Chaos Knight on Mar 26, 2018.
             Mangled by a small abomination (19 damage)
             ... summoned by the capriciousness of Xom
             ... on level 4 of the Dungeon.
             The game lasted 00:15:13 (3836 turns).

RaHiT the Slasher (Demonspawn Chaos Knight)         Turns: 3836, Time: 00:15:14

Health: -7/47      AC:  7    Str: 13    XL:     6   Next: 41%
Magic:  7/7        EV: 12    Int: 14    God:    Xom [*.....]
Gold:   135        SH:  0    Dex: 13    Spells: 5/5 levels left

rFire    . . .     SeeInvis .   a - +0 falchion (chaos)
rCold    . . .     Gourm    .   (no shield)
rNeg     . . .     Faith    .   b - +2 leather armour
rPois    .         Spirit   .   (helmet restricted)
rElec    .         Reflect  .   f - scarf {repulsion}
rCorr    .         Harm     .   v - +0 pair of gloves
MR       .....                  (no boots)
Stlth    ++........             k - amulet of rage
HPRegen  0.15/turn              (no ring)
MPRegen  0.10/turn              (no ring)

@: repel missiles
A: antennae 2, talons 1, thin skeletal structure 1, blurry vision 1, clumsy 1,
mutation resistance 1, shaggy fur 1
a: Renounce Religion, Evoke Berserk Rage


You were on level 4 of the Dungeon.
You worshipped Xom.
You were a special plaything of Xom.
You were not hungry.

You visited 1 branch of the dungeon, and saw 4 of its levels.

You collected 135 gold pieces.

Inventory:

Hand Weapons
 a - a +0 falchion of chaos (weapon)
Missiles
 h - 127 stones (quivered)
 l - 16 poisoned needles
 r - 8 tomahawks
 D - 6 javelins
Armour
 b - a +2 leather armour (worn)
 d - a +0 shield
 f - a scarf of repulsion (worn)
 v - a +0 pair of gloves (worn)
Jewellery
 k - an amulet of rage (around neck)
Wands
 y - a wand of random effects (30)
Scrolls
 i - a scroll of amnesia
 m - 2 scrolls of identify {unknown}
 n - a scroll of magic mapping {unknown}
 o - a scroll of random uselessness {unknown}
 p - 2 scrolls of noise {unknown}
 q - a scroll of teleportation {unknown}
 s - 3 scrolls of enchant weapon {unknown}
 u - a scroll of remove curse {unknown}
 B - a scroll of immolation {unknown}
Potions
 e - 2 potions of flight {unknown}
 j - a potion of magic {unknown}
 w - 2 potions of agility
 x - a potion of degeneration {unknown}
 z - 2 potions of curing {unknown}
 A - a potion of lignification {unknown}
 C - a potion of might {unknown}
Comestibles
 c - 7 rations
 t - 10 chunks of flesh


   Skills:
 + Level 3.4 Fighting
 * Level 4.1 Long Blades
 + Level 1.8 Throwing
 - Level 2.0 Armour
 + Level 2.1 Dodging
 * Level 2.7 Shields
 + Level 2.0 Evocations


You had 5 spell levels left.
You didn't know any spells.

Dungeon Overview and Level Annotations

Branches:
Dungeon (4/15)
 Temple: D:4-7

Altars:


Innate Abilities, Weirdness & Mutations

You have a pair of antennae on your head.
You have a somewhat thin skeletal structure. (Dex +2, Stealth)
You have sharp toenails.
Scrolls take you a little longer to read.
You are clumsy. (Dex -2)
You are somewhat resistant to further mutation.
You are covered in fur. (AC +1)


Message History

The small abomination hits you!
The small abomination hits you but does no damage.
The small abomination barely misses you.
You riposte.
You hit the small abomination but do no damage.
You claw the small abomination, but do no damage.
The small abomination closely misses you.
You riposte.
You hit the small abomination. You freeze the small abomination.
The small abomination is moderately damaged.
You see here a hand axe.
There is an open door here.
The small abomination closely misses you.
You riposte.
You hit the small abomination.
The small abomination flickers and vanishes!
Deactivating autopickup; reactivate with Ctrl-A.
The orc priest looks encouraged for a moment.
Something hits you!
* * * LOW HITPOINT WARNING * * *
Something hits you!!
You die...

#.#'###.# #.#
#.....#.# #..
###.....#.# ########
+.).....#.# #....[..
####....#.# #.##....
#....#.# #.##....
##.o##.# #.##.<..
#..{#.# #.##....
#.#@#.# #.##....
#.#.#.# #.##....
#.#...# #.##....
#.##..# #.######
#.##..#######.######
#.##................
#.##..#######.######
#.##..# #.# #
#.###.#######.######


You could see an orc.

Vanquished Creatures
  A scorpion (D:4)
  A crimson imp (D:3)
  5 orc wizards (D:4)
  A bullfrog skeleton (D:2)
  5 adders
  3 worms (D:2)
  A dart slug (D:2)
  2 leopard geckos
  4 orcs (D:4)
  5 bats
  4 giant cockroaches
  8 goblins
  6 hobgoblins
  2 quokkas
  2 ball pythons
  4 frilled lizards
  6 kobolds
  A quokka skeleton (D:4)
  5 rats
66 creatures vanquished.

Notes
Turn   | Place    | Note
-------+----------+-------------------------------------------
     0 | D:1      | RaHiT the Demonspawn Chaos Knight began the quest for the Orb.
     0 | D:1      | Reached XP level 1. HP: 18/18 MP: 1/1
   126 | D:1      | XOM: divination: detect items
   144 | D:1      | Reached skill level 1 in Dodging
   243 | D:1      | XOM: harmless Erth miscast
   249 | D:1      | Gained mutation: You have a pair of small antennae on your head. [demonic ancestry]
   249 | D:1      | Reached XP level 2. HP: 24/24 MP: 2/2
   419 | D:1      | XOM: silly message
   426 | D:1      | XOM: silly message
   639 | D:1      | XOM: scenery: 1 doors close
   790 | D:2      | XOM: give mutations
   790 | D:2      | Gained mutation: You are covered in fur. (AC +1) [Xom's grace]
   790 | D:2      | Gained mutation: You are somewhat resistant to further mutation. [Xom's grace]
   790 | D:2      | Gained mutation: You have sharp toenails. [Xom's grace]
  1140 | D:2      | Reached skill level 1 in Shields
  1140 | D:2      | Gained mutation: You have a somewhat thin skeletal structure. (Dex +2, Stealth) [demonic ancestry]
  1140 | D:2      | Reached XP level 3. HP: 13/29 MP: 3/3
  1199 | D:2      | Reached skill level 3 in Long Blades
  1236 | D:2      | Found a faded altar of an unknown god.
  1302 | D:2      | Reached skill level 1 in Throwing
  1305 | D:2      | Reached skill level 1 in Evocations
  1305 | D:2      | Gained mutation: You have a pair of antennae on your head. [demonic ancestry]
  1305 | D:2      | Reached XP level 4. HP: 21/35 MP: 4/4
  1528 | D:2      | XOM: god gift: glowing robe {god gift}
  1623 | D:2      | XOM: harmless Conj miscast
  2043 | D:2      | XOM: summons 2 hostile demons
  2747 | D:3      | XOM: mild Conj miscast
  2758 | D:3      | XOM: 1-stop teleportation journey
  2782 | D:3      | XOM: cast spell 'Summon Small Mammal'
  2793 | D:3      | Reached XP level 5. HP: 32/41 MP: 5/5
  3145 | D:4      | XOM: fog
  3314 | D:4      | XOM: give mutations
  3314 | D:4      | Gained mutation: Scrolls take you a little longer to read. [Xom's mischief]
  3314 | D:4      | Gained mutation: You are clumsy. (Dex -2) [Xom's mischief]
  3335 | D:4      | Reached XP level 6. HP: 37/47 MP: 7/7
  3346 | D:4      | Reached skill level 4 in Long Blades
  3685 | D:4      | XOM: cast spell 'Chain of Chaos'
  3795 | D:4      | XOM: medium Summ miscast
  3796 | D:4      | Noticed a small abomination
  3836 | D:4      | Mangled by a small abomination

Skill      XL: |  1  2  3  4  5  6 |
---------------+-------------------+-----
Dodging        | 1 2 |  2.1
Armour         | 2 |  2.0
Shields        | 1 2 |  2.7
Long Blades    | 3 4 |  4.1
Throwing       | 1 |  1.8
Evocations     | 1 2 |  2.0
Fighting       | |  3.4

Action                   |  1- 3 |  4- 6 || total
-------------------------+-------+-------++-------
Melee: Falchion          |    75 |   129 ||   204
       Kick              |     8 |    51 ||    59
Throw: Stone             |    66 |    32 ||    98
       Tomahawk          |       |     6 ||     6
  Use: Potion            |     2 |     1 ||     3
       Scroll            |     1 |       ||     1
 Stab: Paralysed         |     2 |       ||     2
  Eat: Chunk             |     1 |     8 ||     9
Armor: Leather armour    |    14 |    64 ||    78
Dodge: Dodged            |    40 |    89 ||   129
       Deflected         |       |     2 ||     2
       Rpst.: Falchion   |    18 |    27 ||    45
